Map: Catalyst LE

Players

Marzbar

  • Race: Zerg Zerg
  • League: Diamond
  • Spawn Location: 5:00

Anibal - Winner!

  • Race: Protoss Protoss
  • League: Diamond
  • Spawn Location: 11:00

VOD

Have the link to the VOD?

Description

Time

  • Played on: June 16, 2018, 10:51 p.m.
  • Length: 12:53
Show
View Real Time Build Order
Export as new Build Order

Marzbar Zerg 

Build Orders: Hatch First 

Get SALT Encoding   

  12  0:01  Drone  
  13  0:13  Overlord  
  13  0:18  Drone  
  14  0:31  Drone x2  
  16  0:36  Drone  
  17  0:53  Hatchery  
  17  0:56  Drone  
  17  0:59  Drone  
  17  1:01  Extractor  
  17  1:17  Spawning Pool  
  16  1:20  Drone  
  16  1:24  Drone  
  18  1:32  Drone  
  19  1:39  Overlord  
  19  2:05  Queen x2  
  19  2:06  Zergling x4  
  25  2:09  Metabolic Boost  
  25  2:14  Drone  
  26  2:16  Drone  
  27  2:23  Drone x2  
  29  2:32  Drone  
  30  2:46  Hatchery  
  30  2:49  Drone  
  30  2:50  Drone x2  
  31  2:55  Overlord  
  31  2:57  Drone  
  32  3:04  Drone  
  32  3:05  Overlord  
  33  3:09  Drone  
  34  3:19  Zergling x2  
  35  3:20  Drone  
  35  3:21  Drone x4  
  35  3:26  Queen  
  42  3:28  Drone  
  42  3:31  Drone  
  42  3:34  Overlord  
  44  3:38  Spore Crawler  
  43  3:54  Overlord  
  43  3:55  Overlord  
  43  3:56  Drone x5  
  48  4:22  Drone x2  
  50  4:24  Drone  
  50  4:25  Drone x4  
  50  4:27  Zergling x10, Evolution Chamber  
  50  4:28  Overlord  
  50  4:29  Evolution Chamber  
  57  4:38  Spore Crawler  
  57  4:40  Drone x3  
  58  4:55  Extractor, Lair  
  58  4:58  Zerg Melee Weapons Level 1  
  57  5:01  Overlord, Drone x5  
  57  5:02  Overlord x2  
  57  5:05  Drone  
  57  5:06  Drone  
  64  5:14  Queen  
  64  5:16  Queen  
  64  5:20  Drone x4  
  72  5:26  Overlord x2  
  72  5:27  Zerg Missile Weapons Level 1  
  72  5:33  Overlord x2  
  72  5:34  Zergling x6  
  72  5:35  Zergling x2  
  76  5:41  Drone x5  
  77  6:05  Hydralisk Den  
  77  6:07  Extractor  
  77  6:08  Extractor  
  77  6:09  Extractor  
  73  6:15  Hatchery, Overlord x2  
  73  6:16  Zergling x10  
  73  6:17  Drone  
  73  6:18  Drone x5  
  83  6:22  Zergling x2  
  83  6:23  Baneling Nest  
  83  6:30  Extractor  
  82  6:33  Drone x2  
  82  6:34  Drone x2  
  82  6:35  Hatchery  
  82  6:37  Hydralisk  
  82  6:38  Hydralisk x4  
  94  6:49  Lurker Den, Zergling x2  
  94  6:50  Zergling x10  
  99  7:06  Zergling x6  
  99  7:07  Zergling x4, Hydralisk  
  99  7:08  Hydralisk x5  
  116  7:18  Baneling x5  
  116  7:19  Zergling x2  
  116  7:20  Zergling x4  
  109  7:42  Hydralisk x3  
  109  7:43  Zergling x2  
  109  7:44  Zergling x12  
  84  7:53  Spine Crawler  
  84  7:54  Spine Crawler x2  
  84  7:55  Spine Crawler  
  84  7:56  Spine Crawler x2  
  84  7:57  Spine Crawler  
  75  7:58  Spine Crawler  
  75  7:59  Hydralisk  
  75  8:00  Hydralisk x2  
  75  8:01  Zergling x2  
  75  8:02  Zergling x2  
  68  8:07  Baneling  
  68  8:08  Baneling x7  
  68  8:11  Zergling x2  
  31  8:30  Hydralisk, Zergling x2  
  31  8:31  Zergling x2  
  24  8:54  Baneling x2  
  24  9:00  Lurker  
  15  9:27  Zergling x2  
  15  9:28  Zergling x8  
  20  9:45  Drone  
  21  9:46  Drone x2  
  19  10:10  Hydralisk  
  19  10:15  Baneling x3  
  19  10:16  Baneling  
  19  10:26  Drone  
  19  10:27  Drone  
  21  10:30  Drone  
  21  10:35  Drone  
  23  10:40  Drone  
  24  10:50  Drone  
  25  11:00  Hydralisk  
  27  11:16  Drone  
  27  11:17  Drone x3  
  31  11:21  Lurker  
  31  11:35  Drone  
  31  11:36  Drone x3  
  31  11:37  Drone  
  36  11:47  Drone x3  
  39  11:55  Lurker  
  39  11:59  Drone  
  39  12:00  Drone x3  
  44  12:08  Drone x3  
  46  12:10  Overseer  
  46  12:12  Overseer  
  47  12:19  Drone  
  47  12:20  Drone x3  
Show
View Real Time Build Order
Export as new Build Order

Anibal Protoss - Winner!

Build Orders: 1 Gate Expand, Oracle Opening, Phoenix Opening 

Get SALT Encoding   

  12  0:01  Probe  
  13  0:13  Probe  
  14  0:19  Pylon  
  14  0:24  Probe  
  15  0:33  Probe  
  15  0:41  Probe  
  16  0:44  Gateway  
  16  0:48  Assimilator  
  17  0:53  Probe  
  18  1:05  Probe  
  19  1:17  Probe  
  20  1:25  Nexus  
  20  1:35  Cybernetics Core  
  20  1:39  Probe  
  21  1:44  Assimilator  
  21  1:51  Probe  
  22  1:54  Pylon  
  22  2:03  Probe, Adept  
  23  2:15  Probe  
  26  2:18  Stargate  
  26  2:27  Probe  
  27  2:34  Adept  
  27  2:36  Probe  
  29  2:39  Probe  
  29  2:43  Warp Gate  
  31  2:51  Probe x2  
  31  2:56  Phoenix  
  33  3:03  Probe x2  
  37  3:11  Pylon  
  37  3:15  Adept  
  37  3:16  Probe x2  
  41  3:21  Gateway  
  41  3:27  Oracle  
  41  3:28  Probe  
  41  3:31  Probe  
  46  3:40  Probe  
  47  3:42  Gateway  
  47  3:43  Probe  
  47  3:47  Assimilator  
  48  3:52  Probe  
  48  3:55  Probe  
  50  4:02  Twilight Council  
  50  4:05  Probe  
  50  4:07  Probe  
  52  4:17  Probe  
  53  4:19  Probe  
  53  4:29  Probe  
  54  4:38  Resonating Glaives  
  54  4:42  Forge  
  54  4:45  Robotics Facility  
  54  4:50  Nexus  
  54  4:54  Pylon  
  54  5:01  Pylon  
  54  5:03  Pylon  
  54  5:12  Probe, Oracle  
  58  5:15  Protoss Ground Weapons Level 1  
  58  5:20  Gateway  
  58  5:21  Gateway  
  58  5:24  Gateway  
  58  5:26  Gateway  
  58  5:29  Gateway  
  58  5:34  Adept x2  
  60  5:53  Adept  
  62  6:00  Warp Prism  
  62  6:04  Adept x2  
  68  6:24  Pylon  
  68  6:25  Pylon  
  68  6:26  Adept  
  68  6:27  Pylon, Adept x4  
  68  6:28  Adept x2  
  68  6:29  Pylon  
  82  6:47  Pylon  
  82  6:49  Pylon  
  82  6:54  Adept x5  
  84  6:55  Adept x3  
  98  7:05  Pylon  
  98  7:06  Pylon  
  98  7:15  Adept x3  
  100  7:16  Adept x5  
  104  7:40  Adept x7  
  104  7:41  Adept  
  92  8:03  Adept x7  
  92  8:04  Adept  
  98  8:26  Adept x3  
  78  8:28  Immortal  
  78  8:30  Adept x2  
  82  8:35  Probe x2  
  72  8:47  Probe  
  71  8:57  Immortal  
  71  9:08  Protoss Ground Weapons Level 2  
  71  9:09  Probe  
  75  9:10  Probe  
  75  9:11  Probe  
  75  9:13  Pylon  
  78  9:17  Probe  
  79  9:26  Probe  
  80  9:34  Charge  
  80  9:36  Robotics Facility  
  80  9:37  Probe, Immortal  
  80  9:38  Probe x2  
  87  9:41  Assimilator  
  83  9:45  Assimilator  
  83  9:52  Adept x4  
  89  9:54  Sentry  
  89  9:55  Sentry  
  91  10:00  Templar Archives  
  88  10:16  Shield Battery  
  88  10:17  Shield Battery  
  88  10:18  Immortal  
  88  10:21  Probe  
  88  10:26  Immortal  
  97  10:29  Probe  
  98  10:39  Probe, Zealot  
  98  10:40  Zealot x5  
  98  10:41  Zealot x2  
  115  11:08  Zealot x4  
  115  11:09  Adept  
  115  11:10  Adept  
  115  11:11  Nexus  
  126  11:18  Observer  
  126  11:19  Observer  
  128  11:33  Probe, Immortal  
  128  11:34  High Templar, Immortal  
  128  11:35  High Templar x3  
  128  11:39  Archon x2  
  145  12:01  Zealot  
  145  12:02  Zealot x3  
  153  12:17  Pylon  
  153  12:18  Pylon  
  153  12:19  Pylon  
  153  12:25  Zealot x6  
  153  12:26  Zealot x2  
Tags
 
Add a new tag
Caveats
  • Supply blocks, unpowered buildings, or Contaminate may cause inaccurate times.
  • Supply counts are checked every 10 seconds.